 Dungeon Crawl Stone Soup version 0.23-a0-650-ga4d50d4 (console) character file.

163 Duffy the Conjurer (level 5, 28/35 HPs)
             Began as a Demonspawn Fire Elementalist on Jan 4, 2019.
             Quit the game on level 4 of the Dungeon.
             The game lasted 00:05:47 (3626 turns).

Duffy the Conjurer (Demonspawn Fire Elementalist)   Turns: 3626, Time: 00:05:48

Health: 28/35      AC:  3    Str:  8    XL:     5   Next: 20%
Magic:  3/9        EV: 12    Int: 18    God:
Gold:   127        SH:  0    Dex: 17    Spells: 2/10 levels left

rFire    . . .     SeeInvis .   d - +0 short sword
rCold    . . .     Gourm    .   (no shield)
rNeg     . . .     Faith    .   a - +0 robe
rPois    .         Spirit   .   (no helmet)
rElec    .         Reflect  .   (no cloak)
rCorr    .         Harm     .   i - +0 pair of gloves
MR       .....                  (no boots)
Stlth    ++++......             (no amulet)
HPRegen  0.11/turn              o - +4 ring of dexterity
MPRegen  0.11/turn              r - ring of stealth

@: no status effects
A: demonic guardian 1, nightstalker 1
a: no special abilities


You were on level 4 of the Dungeon.
You were very hungry.

You visited 1 branch of the dungeon, and saw 4 of its levels.

You collected 127 gold pieces.

Inventory:

Hand Weapons
 d - a +0 short sword (weapon)
Armour
 a - a +0 robe (worn)
 i - a +0 pair of gloves (worn)
Jewellery
 o - a +4 ring of dexterity (left hand)
 r - a ring of stealth (right hand)
Wands
 b - a wand of paralysis (8)
Scrolls
 e - 2 scrolls of identify
 g - 2 scrolls of enchant weapon {unknown}
 h - a scroll of teleportation {unknown}
 l - a scroll of magic mapping {unknown}
 m - a scroll of remove curse {unknown}
 q - a scroll of random uselessness {unknown}
Potions
 f - 3 potions of curing
 j - a potion of haste
 k - 3 potions of brilliance
 n - a potion of resistance
 p - a potion of mutation {unknown}
Comestibles
 c - 5 rations


   Skills:
 - Level 1.7 Dodging
 - Level 1.7 Stealth
 + Level 3.1 Spellcasting
 + Level 3.6 Conjurations
 + Level 3.5 Fire Magic


You had 2 spell levels left.
You knew the following spells:

 Your Spells              Type           Power        Failure   Level  Hunger
h - Flame Tongue          Conj/Fire      ###..        3%          1    None
j - Sticky Flame          Conj/Fire      ###.....     36%         4    ####...
l - Conjure Flame         Conj/Fire      ###.....     11%         3    ###....

Your spell library contained the following spells:

 Spells                   Type           Power        Failure   Level  Hunger
 Throw Flame              Conj/Fire      ###...       5%          2    ##.....
 Inner Flame              Hex/Fire       #.......     24%         3    ###....
 Fireball                 Conj/Fire      ###.......   71%         5    ######.


Dungeon Overview and Level Annotations

Branches:
Dungeon (4/15)
 Temple: D:4-7

Altars:

Annotations:
D:3 3 runed doors, exclusion: adder, Amnesiac's ghost, weakling SpBe


Innate Abilities, Weirdness & Mutations

A weak demonic guardian rushes to your aid.
You are slightly more attuned to the shadows.


Message History

Casting: Flame Tongue (safe; 4% risk of failure)
Confirm with . or Enter, or press ? or * to list all spells.
Aiming: Flame Tongue (safe; 4% risk of failure)
Press: ? - help, Shift-Dir - straight line, f/p - hound
Aim: a hound (moderately wounded)
The flame tongue hits the hound.
The hound is severely wounded.
The hound bites you.
Casting: Flame Tongue (safe; 4% risk of failure)
Confirm with . or Enter, or press ? or * to list all spells.
Aiming: Flame Tongue (safe; 4% risk of failure)
Press: ? - help, Shift-Dir - straight line, f/p - hound
Aim: a hound (severely wounded)
The flame tongue hits the hound.
You kill the hound!
Your Spellcasting skill increases to level 3!
You have reached level 5!
Your demonic ancestry asserts itself...
You feel the presence of a demonic guardian.
Are you sure you want to abandon this character and quit the game? (Confirm

.######.##..######.
#..##(..##........
.#..#...##(#######...
..#.....##.# ..
...#....##.## ####..
.######.(.... ..#.#
.......###.# #.#.#
.......###.#####.#.##
#................@..#
##'..(........##.#...#
..#...........##.#.#.#
>.##..........'..#.# #
..##..........####.#
#######.......# .# ..
#..........# .#
>.##.########## ..#..#


There were no monsters in sight!

Vanquished Creatures
  A hound (D:4)
  Terence (D:3)
  3 adders
  An ooze (D:3)
  An adder skeleton (D:4)
  A worm (D:2)
  2 dart slugs (D:1)
  A leopard gecko (D:1)
  2 orcs
  5 giant cockroaches
  7 goblins
  6 hobgoblins
  11 kobolds
  3 quokkas
  A ball python (D:1)
  10 bats
  2 frilled lizards
  A jackal skeleton (D:4)
  A leopard gecko skeleton (D:4)
  6 rats
66 creatures vanquished.

Notes
Turn   | Place    | Note
-------+----------+-------------------------------------------
     0 | D:1      | Duffy the Demonspawn Fire Elementalist began the quest for
                  | the Orb.
     0 | D:1      | Reached XP level 1. HP: 13/13 MP: 3/3
   286 | D:1      | Gained mutation: You are slightly more attuned to the
                  | shadows. [demonic ancestry]
   286 | D:1      | Reached XP level 2. HP: 19/19 MP: 3/5
   979 | D:1      | Reached XP level 3. HP: 21/24 MP: 0/6
  1059 | D:1      | Learned a level 3 spell: Conjure Flame
  2120 | D:3      | Noticed Amnesiac's ghost (weakling SpBe)
  2141 | D:3      | Found a runed gate.
  2141 | D:3      | Found a runed gate.
  2141 | D:3      | Found a runed gate.
  2533 | D:3      | Reached XP level 4. HP: 30/30 MP: 4/7
  2763 | D:3      | Learned a level 4 spell: Sticky Flame
  2819 | D:3      | Noticed Terence
  2826 | D:3      | Killed Terence
  3625 | D:4      | Gained mutation: A weak demonic guardian rushes to your
                  | aid. [demonic ancestry]
  3625 | D:4      | Reached XP level 5. HP: 28/35 MP: 3/9
  3626 | D:4      | Quit the game

Vault maps used:
D:1:      elethiomel_arrival_infinity_welcomes_careful_drivers
D:3:      gammafunk_ghost_icy, kennysheep_cluttered_room, corner_web_ring,
          uniq_terence
D:4:      nicolae_ossuary_entry_false_entrances, first_ration,
          hangedman_abyss_or_decor_slice

Skill      XL: |  1  2  3  4 |
---------------+-------------+-----
Fire Magic     | 3 |  3.5
Conjurations   | 2 3 |  3.6
Spellcasting   | 3 |  3.1
Dodging        | |  1.7
Stealth        | |  1.7

Action                   |  1- 3 |  4- 6 || total
-------------------------+-------+-------++-------
 Cast: Flame Tongue      |    87 |    45 ||   132
       Conjure Flame     |       |     1 ||     1
  Use: Scroll            |     3 |     1 ||     4
  Eat: Chunk             |     6 |     2 ||     8
Armor: Robe              |    16 |     9 ||    25
Dodge: Dodged            |    24 |    13 ||    37

Table legend:
 A = Non-vault XP
 B = Vault XP
 C = Vault XP percentage of total XP
 D = Non-vault monster count
 E = Vault monster count
 F = Vault count percentage of total count
                 A         B        C        D         E       F
            +---------+---------+-------+---------+---------+-------
      Total |     197 |      36 |  15.5 |      65 |       1 |   1.5
            +---------+---------+-------+---------+---------+-------
        D:1 |      54 |       0 |   0.0 |      30 |       0 |   0.0
        D:2 |      20 |       0 |   0.0 |      10 |       0 |   0.0
        D:3 |      58 |      36 |  38.3 |      18 |       1 |   5.3
        D:4 |      65 |       0 |   0.0 |       7 |       0 |   0.0
            +---------+---------+-------+---------+---------+-------
